 Dungeon Crawl Stone Soup version 0.30-a0-928-g7f6bbad527 (webtiles) character file.

Game seed: 3113549972431086312

37 112233 the Digger (level 3, 19/19 HPs)
             Began as a Deep Elf Earth Elementalist on Mar 23, 2023.
             Was a Follower of Wu Jian.
             Got out of the dungeon alive.
             The game lasted 00:01:01 (1120 turns).

112233 the Digger (Deep Elf Earth Elementalist)     Turns: 1120, Time: 00:01:01

Health: 19/19      AC:  2    Str:  5    XL:     3   Next: 21%
Magic:  9/9        EV: 13    Int: 21    God:    Wu Jian [*.....]
Gold:   17         SH:  0    Dex: 15    Spells: 7/8 levels left

rFire   . . .      SeeInvis .    (no weapon)
rCold   . . .      Faith    .    (no shield)
rNeg    . . .      Spirit   .    a - +0 robe
rPois   .          Reflect  .    (no helmet)
rElec   .          Rampage  .    (no cloak)
rCorr   .                        (no gloves)
Will    .....                    (no boots)
Stlth   ++                       (no amulet)
HPRegen 0.23/turn                (no ring)
MPRegen 0.11/turn                (no ring)

@: no status effects
A: no striking features
a: Renounce Religion


You escaped.
You worshipped Wu Jian.
Wu Jian was aware of your devotion.
You visited 1 branch of the dungeon, and saw 2 of its levels.

You collected 17 gold pieces.

Inventory:

Missiles
 n - a throwing net
Armour
 a - a +0 robe (worn)
Magical Staves
 g - a staff of air
Jewellery
 l - a +6 ring of intelligence
Scrolls
 e - 2 scrolls of poison {unknown}
 k - a scroll of enchant armour {unknown}
 m - a scroll of magic mapping {unknown}
 p - a scroll of immolation
Potions
 b - a potion of magic
 c - 2 potions of curing {unknown}
 d - a potion of might {unknown}
 f - a potion of heal wounds {unknown}
 h - 2 potions of haste {unknown}
 i - 2 potions of brilliance {unknown}
 j - 2 potions of lignification {unknown}
 o - a potion of attraction {unknown}


   Skills:
 + Level 3.0 Dodging
 + Level 3.1 Stealth
 + Level 3.4 Spellcasting
 + Level 1.8 Transmutations
 + Level 3.6 Earth Magic


You had 7 spell levels left.
You knew the following spells:

 Your Spells              Type           Power      Damage    Failure   Level
a - Sandblast             Erth           36%        2d10      3%          1

Your spell library contained the following spells:

 Spells                   Type           Power      Damage    Failure   Level
 Passwall                 Tmut/Erth      12%        N/A       6%          2
 Stone Arrow              Conj/Erth      22%        3d8       19%         3
 Tukima's Dance           Hex            3%         N/A       36%         3
 Petrify                  Tmut/Erth      15%        N/A       38%         4
 Passage of Golubria      Tloc           3%         N/A       77%         4
 Yara's Violent Unravell  Hex/Tmut       3%         3d4       94%         5


Dungeon Overview and Level Annotations

Branches:
Dungeon (2/15)

Altars:
Wu Jian


Message History

Aiming: Sandblast (safe; 3% risk of failure)
Press: ? - help, Shift-Dir - straight line, f - worm
Aim: a worm (94% to hit)
The blast of sand hits the worm!
The worm is almost dead.
Unknown command.
Really attack while wielding nothing? [Y]es or [N]o only, please.
Really attack while wielding nothing?
Okay, then.
Unknown command.
Casting: Sandblast (safe; 3% risk of failure)
Confirm with . or Enter, or press ? or * to list all spells.
Aiming: Sandblast (safe; 3% risk of failure)
Press: ? - help, Shift-Dir - straight line, f/p - worm
Aim: a worm (almost dead, 94% to hit)
The blast of sand hits the worm!
You kill the worm!
The Council accepts your kill.
Your Dodging skill increases to level 3!
Unknown command.
(D) Dungeon
Where to? (Enter - D:2, ? - help)
Found 14 gold pieces.
There is a stone staircase leading up here.
You climb upwards.
There is a stone staircase leading down here.
(D) Dungeon
Where to? (Enter - D:1, ? - help)
Okay, then.
Unknown command.
Magic restored.
You see here a +0 dagger.
There is a staircase leading out of the dungeon here.
You can't go down here!
Unknown command.
Unknown command.
You can't go down here!
Are you sure you want to leave the Dungeon?
This will make you lose the game!
You have escaped!

........# #..###....####.....#
........# ##..##....#......).#
#.#############.##....#.......###
....# #...............#.......# #
....# #.........#.....#.......###
....###.........#.....#.......#..
#.#..............................
#.#.###♣♣♣♣♣♣♣♣♣♣#.####...#.###..
....# ♣♣.....♣#.@♣.# ###...# #..
....#♣♣..........♣.#####..### #..
....#♣....♣.♣...♣#.....#.## #..
#.#..♣.....⌠.....♣.....#.######..
....#♣....♣.♣....♣.......##......
....#♣♣.........♣♣......###......
....# ♣♣.......♣♣#......###......
....# ♣♣♣...♣♣♣ #...>...........
....# #[...# #..............#


There were no monsters in sight!

Vanquished Creatures
  2 dart slugs (D:1)
  2 worms (D:2)
  2 ball pythons (D:1)
  An endoplasm (D:1)
  2 goblins (D:1)
  5 hobgoblins
  4 kobolds
  3 quokkas
  A bat (D:1)
  A frilled lizard (D:1)
  3 rats (D:1)
26 creatures vanquished.

Notes
Turn   | Place    | Note
-------+----------+-------------------------------------------
     0 | D:1      | 112233 the Deep Elf Earth Elementalist began the quest for
                  | the Orb.
     0 | D:1      | Reached XP level 1. HP: 10/10 MP: 6/6
   182 | D:1      | Reached XP level 2. HP: 15/15 MP: 5/8
   884 | D:2      | Reached XP level 3. HP: 13/19 MP: 3/9
   978 | D:2      | Found a faded altar of an unknown god.
  1008 | D:2      | Prayed at the altar of an unknown god.
  1008 | D:2      | Became a worshipper of the Wu Jian Council
  1008 | D:2      | Reached * piety under Wu Jian
  1120 | D:$      | Got out of the dungeon alive.

Illustrated notes

Levels and vault maps discovered:
D:1:      amcnicky_arrival_underground_garden, layout_basic
D:2:      layout_rooms, basic_altar, hellmonk_ecumenical_altar_blasted

Skill      XL: |  1  2  3 |
---------------+----------+-----
Stealth        | 3 |  3.1
Dodging        | 3 |  3.0
Spellcasting   | |  3.4
Transmutations | |  1.8
Earth Magic    | |  3.6

Action                     || total
---------------------------++-------
   Cast: Sandblast         ||    40
 Armour: Robe              ||     1
  Dodge: Dodged            ||    13

Table legend: (Time is in decaauts)
 A = Elapsed time spent in this place.
 B = Non-inter-level travel time spent in this place.
 C = Inter-level travel time spent in this place.
 D = Time resting spent in this place.
 E = Time spent auto-exploring this place.
 F = Levels seen in this place.
 G = Mean time per level.
                   A        B        C        D        E       F      G
               +--------+--------+--------+--------+--------+-----+--------+
         Total |   1140 |    999 |    141 |      0 |    832 |   2 |  570.0 |
       Dungeon |   1140 |    999 |    141 |      0 |    832 |   2 |  570.0 |
               +--------+--------+--------+--------+--------+-----+--------+

Top non-repeatable levels by time:
     D:1: 937 daAuts
     D:2: 203 daAuts
